 Dungeon Crawl Stone Soup version 0.29.1-4-g47bece8355 (webtiles) character file.

Game seed: 8562712043083739509

152 ChadusMaximus the Chopper (level 5, -2/47 HPs)
             Began as a Minotaur Berserker on Dec 4, 2022.
             Was a Believer of Trog.
             Slain by Sigmund
             ... wielding a +0 scythe
              (12 damage)
             ... on level 3 of the Dungeon.
             The game lasted 00:02:56 (2180 turns).

ChadusMaximus the Chopper (Minotaur Berserker)      Turns: 2180, Time: 00:02:56

Health: -2/47      AC:  2    Str: 24    XL:     5   Next: 11%
Magic:  4/4        EV: 10    Int:  4    God:    Trog [**....]
Gold:   117        SH: 11    Dex:  9    Spells: 4/4 levels left

rFire   . . .      SeeInvis .   a - +0 hand axe
rCold   . . .      Faith    .   j - +0 kite shield
rNeg    . . .      Spirit   .   b - +0 animal skin
rPois   .          Reflect  +   (helmet restricted)
rElec   .          Harm     .   (no cloak)
rCorr   .          Rampage  .   (no gloves)
Will    .....                   (no boots)
Stlth   +.........              g - amulet of reflection
HPRegen 0.15/turn               (no ring)
MPRegen 0.09/turn               (no ring)

@: on berserk cooldown
A: horns 2, retaliatory headbutt
a: Renounce Religion, Berserk, Trog's Hand


You were on level 3 of the Dungeon.
You worshipped Trog.
Trog was pleased with you.
You visited 1 branch of the dungeon, and saw 3 of its levels.

You collected 117 gold pieces.

Inventory:

Hand Weapons
 a - a +0 hand axe (weapon)
Armour
 b - a +0 animal skin (worn)
 i - a +0 helmet
 j - a +0 kite shield (worn)
Jewellery
 g - an amulet of reflection (around neck)
Scrolls
 d - 2 scrolls of amnesia {unknown}
 e - a scroll of enchant weapon {unknown}
 f - 3 scrolls of vulnerability {unknown}
Potions
 c - a potion of resistance {unknown}
 h - a potion of brilliance {unknown}
 k - a potion of degeneration {unknown}
 l - 2 potions of flight {unknown}
 m - a potion of lignification {unknown}


   Skills:
 + Level 4.7 Fighting
 + Level 4.7 Axes
 + Level 3.8 Armour
 + Level 3.4 Dodging


You had 4 spell levels left.
You didn't know any spells.
Your spell library contained the following spells:

 Spells                   Type           Power      Damage    Failure   Level
 Petrify                  Tmut/Erth      0%         N/A       100%        4
 Metabolic Englaciation   Hex/Ice        0%         N/A       100%        5
 Statue Form              Tmut/Erth      0%         N/A       100%        6


Dungeon Overview and Level Annotations

Branches:
Dungeon (3/15)

Altars:

Annotations:
D:3 Sigmund


Innate Abilities, Weirdness & Mutations

You have a pair of horns on your head.
You reflexively headbutt those who attack you in melee.


Message History

Something hits you.
* * * LOW HITPOINT WARNING * * *
Deactivating autopickup; reactivate with Ctrl-A.
You are too injured to fight recklessly!
There is a strange disturbance nearby!
You are too injured to fight recklessly!
You are too injured to fight recklessly!
There is a strange disturbance nearby!
You are too injured to fight recklessly!
There is a strange disturbance nearby!
Your skin crawls.
You feel strong-willed.
Sigmund appears from thin air!
Reactivating autopickup.
You block Sigmund's attack. You block Sigmund's attack.
Sigmund hits you from afar with a +0 scythe!
* * * LOW HITPOINT WARNING * * *
Sigmund barely misses you.
You closely miss Sigmund. Your headbutt misses Sigmund.
Sigmund is moderately wounded.
You block Sigmund's attack.
You slash Sigmund!
Sigmund is heavily wounded.
You feel yourself speed up.
You feel the effects of Trog's Hand fading.
Sigmund drinks a potion.
Sigmund is healed!
You hit Sigmund but do no damage.
Sigmund is lightly wounded.
Sigmund hits you with a +0 scythe.
* * * LOW HITPOINT WARNING * * *
You slash Sigmund!
Sigmund is heavily wounded.
Sigmund hits you with a +0 scythe.
* * * LOW HITPOINT WARNING * * *
You completely miss Sigmund.
Sigmund is heavily wounded.
Your skin stops crawling.
You feel less strong-willed. Sigmund hits you with a +0 scythe!
You die...

# ... ##. #...
#.. .... ...
.##... ..# #...#
####.##..# #.#
#)..#...### #.#
#)..#.....# #.#
#)..#@..#.# #.#
#@##.†.# #.#
#.....#†#†..###.#
#.....##@##.....#
#####...#.#...#<#
##..##.##..##
##...#)#.......#
##.. ##...#####
##. ...##


You could see Sigmund.

Vanquished Creatures
  2 orc wizards (D:2)
  3 adders
  2 dart slugs
  An orc (D:2)
  8 bats
  6 endoplasms
  4 giant cockroaches
  7 goblins
  8 hobgoblins
  5 jackals
  4 quokkas
  4 ball pythons
  2 frilled lizards
  4 kobolds
  5 rats
65 creatures vanquished.

Notes
Turn   | Place    | Note
-------+----------+-------------------------------------------
     0 | D:1      | ChadusMaximus the Minotaur Berserker began the quest for
                  | the Orb.
     0 | D:1      | Reached XP level 1. HP: 19/19 MP: 0/0
   235 | D:1      | Reached XP level 2. HP: 10/27 MP: 1/1
   417 | D:1      | Found a faded altar of an unknown god.
   981 | D:1      | Reached ** piety under Trog
   982 | D:1      | Reached XP level 3. HP: 32/33 MP: 2/2
  1549 | D:2      | Reached XP level 4. HP: 15/41 MP: 3/3
  1815 | D:2      | HP: 2/41 [orc wizard/puff of flame (6)]
  2142 | D:3      | Noticed Sigmund
  2144 | D:3      | Reached XP level 5. HP: 47/47 MP: 4/4
  2180 | D:3      | Slain by Sigmund

Illustrated notes

Levels and vault maps discovered:
D:1:      dpeg_arrival_pits, layout_basic, shapermc_ecumenical_altar_venn
D:2:      layout_rooms, minmay_octomino_c4
D:3:      layout_basic, gammafunk_temple_overflow_wave,
          kennysheep_decorative_pillar, minmay_vboxes, uniq_sigmund

Skill      XL: |  1  2  3 |
---------------+----------+-----
Fighting       | 4 |  4.7
Axes           | 4 |  4.7
Armour         | 3 |  3.8
Dodging        | 3 |  3.4

Action                   |  1- 3 |  4- 6 || total
-------------------------+-------+-------++-------
Melee: Hand axe          |    91 |    61 ||   152
       Headbutt          |    13 |     8 ||    21
Invok: Berserk           |     1 |     2 ||     3
       Trog's Hand       |     1 |     4 ||     5
 Stab: Sleeping          |     1 |       ||     1
Armor: Animal skin       |    12 |     7 ||    19
Dodge: Dodged            |    58 |    20 ||    78
Block: Kite shield       |    23 |    41 ||    64
       Other             |     2 |       ||     2
